 Dungeon Sprint DCSS version 0.26-a0-720-g2a1d101370 (webtiles) character file.

Game seed: 2925251266965067330

41675 mhtbhm the Merfolkian Porcupine (level 14, -12/144 HPs)
             Began as a Merfolk Berserker on Nov 2, 2020.
             Was the Champion of Trog.
             Mangled by a deep troll shaman (26 damage)
             ... in the Dungeon (Sprint IX: "|||||||||||||||||||||||||||||").
             The game lasted 00:06:28 (3797 turns).

mhtbhm the Merfolkian Porcupine (Merfolk Berserker) Turns: 3797, Time: 00:06:29

Health: -12/144    AC: 27    Str: 25    XL:     14   Next: 16%
Magic:  14/14      EV: 16    Int: 12    God:    Trog [******]
Gold:   192        SH:  0    Dex: 16    Spells: 13/13 levels left

rFire    . . .     SeeInvis .   a - +3 bardiche "Ogre's Undoing" {flame, Int+4}
rCold    + . .     Faith    .   (shield currently unavailable)
rNeg     . . .     Spirit   .   b - +4 plate armour "Tyamaf" {Str+4 Dex+3}
rPois    +         Reflect  .   n - +1 helmet
rElec    +         Harm     .   m - +0 cloak
rCorr    .         Rampage  .   u - +0 pair of gloves
MR       +....     NoTele   +   v - +0 pair of boots
Stlth    +.........             (no amulet)
HPRegen  0.34/turn              w - ring "Jimec" {rElec rC+ Slay+4}
MPRegen  0.14/turn              y - ring of poison resistance

@: no status effects
A: change form in water, swift swim, stealthy swim, blink, MP-powered wands,
sturdy frame 1
a: Blink, Berserk, Trog's Hand, Brothers in Arms, Renounce Religion


You were in the Dungeon.
You worshipped Trog.
Trog was exalted by your worship.
You visited 1 branch You collected 1794 gold pieces.
You spent 1602 gold pieces at shops.

Inventory:

Hand Weapons
 a - the +3 bardiche "Ogre's Undoing" (weapon) {flame, Int+4}
   (Trog gifted it to you in the Dungeon)

   It has been specially enchanted to burn those struck by it, causing extra
   injury to most foes and up to half again as much damage against particularly
   susceptible opponents.
   Big, fiery blades are also staple armaments of hydra-hunters.
   It affects your intelligence (+4).
 q - a +7 demon trident of flaming
Missiles
 t - 2 curare-tipped darts (quivered)
Armour
 b - the +4 plate armour "Tyamaf" (worn) {Str+4 Dex+3}
   (You found it in the Dungeon)

   It affects your strength (+4).
   It affects your dexterity (+3).
 m - a +0 cloak (worn)
 n - a +1 helmet (worn)
 u - a +0 pair of gloves (worn)
 v - a +0 pair of boots (worn)
Jewellery
 w - the ring "Jimec" (left hand) {rElec rC+ Slay+4}
   (You bought it in a shop in the Dungeon)

   [ring of slaying]

   It affects your accuracy and damage with ranged weapons and melee attacks
   (+4).
   It protects you from cold.
   It insulates you from electricity.
 x - an uncursed ring of protection from magic
 y - a ring of poison resistance (right hand)
Wands
 k - a wand of iceblast (9)
Scrolls
 h - 5 scrolls of blinking
 j - 4 scrolls of remove curse
 o - 3 scrolls of fear
 r - 4 scrolls of enchant weapon
 s - 3 scrolls of enchant armour
Potions
 c - 6 potions of curing
 d - 11 potions of heal wounds
 e - a potion of haste
 f - 4 potions of magic
 g - 2 potions of berserk rage
 i - a potion of invisibility
 l - a potion of mutation
 p - a potion of might


   Skills:
 + Level 23.7 Fighting
 O Level 27 Polearms
 + Level 13.1 Armour
 + Level 12.2 Dodging
 + Level 8.7 Stealth
 + Level 0.8 Evocations


You had 13 spell levels left.
You didn't know any spells.
Your spell library was empty.

Dungeon Overview and Level Annotations

Branches:
Dungeon (1/1)

Altars:
Cheibriados
Dithmenos
Elyvilon
Fedhas
Gozag
Hepliaklqana
Kikubaaqudgha
Makhleb
Nemelex Xobeh
Okawaru
Qazlal
Ru
Sif Muna
Trog
Uskayaw
Vehumet
Wu Jian
Xom
Yredelemnul
Zin
The Shining One
Beogh
Jiyva
Lugonu

Shops:
D [==[


Innate Abilities, Weirdness & Mutations

You revert to your normal form in water.
You are very nimble and swift while swimming.
You are very stealthy in the water. (Stealth+)
You can translocate small distances at will.
You expend magic power (3 MP) to strengthen your wands.
Your movements are slightly less encumbered by armour. (ER -2)


Message History

The deep troll shaman closely misses you.
The deep troll shaman claws you!
Unknown command.
You closely miss the deep troll shaman.
The deep troll shaman is heavily wounded.
The deep troll shaman bites you. The deep troll shaman claws you!
* * * LOW HITPOINT WARNING * * *
The deep troll shaman misses you.
Unknown command.
Evoke which item? (* to show all) (? for menu, Esc to quit)
Okay, then.
Okay, then.
You blink.
You fail to use your ability.
The deep troll shaman bites you!
* * * LOW HITPOINT WARNING * * *
The deep troll shaman closely misses you.
The deep troll shaman claws you but does no damage.
Unknown command.
You blink.
The deep troll shaman bites you!!
You die...

)(....(.....[[[[[[[[.)))))))).=..
▓▓▓▓▓▓▓▓▓▓▓▓▓▓▓▓▓▓▓▓▓▓▓▓▓▓▓▓▓▓▓▓▓
.................................
▓▓▓▓▓▓▓▓▓▓▓▓▓▓▓▓▓▓▓♣♣♣♣♣♣♣♣♣♣▓▓▓▓
..)†(.(('(..(.)†())(.....†)†÷)...
▓▓▓▓▓▓▓▓▓▓▓▓▓▓▓▓▓▓▓♣♣♣♣♣♣♣♣♣♣▓▓▓▓
.........).......................
▓▓▓▓▓▓▓▓▓▓▓▓▓▓▓▓▓▓▓▓▓▓▓▓▓▓▓▓▓▓▓▓▓
...RG.C@TT§.((..[([...(.
▓▓▓▓▓▓▓▓▓▓▓▓▓▓▓▓▓▓▓▓▓▓▓▓


You could see a stone giant, a great orb of eyes, a rakshasa and 2 deep troll
shamans.

Vanquished Creatures
  Rupert (D)
  3 stone giants (D)
  A vampire knight (D)
  An ettin (D)
  A merfolk impaler (D)
  Josephine (D)
  A fire dragon (D)
  A great orb of eyes (D)
  A catoblepas (D)
  A boulder beetle (D)
  3 hydras (D)
  An ice dragon (D)
  2 centaur warriors (D)
  Erica (D)
  4 ogre magi (D)
  4 two-headed ogres (D)
  A death yak (D)
  A deep troll shaman (D)
  A deep troll earth mage (D)
  2 naga sharpshooters (D)
  A shock serpent (D)
  A sea snake (D)
  A salamander mystic (D)
  A spriggan druid (D)
  A swamp dragon (D)
  An orc knight (D)
  3 ugly things (D)
  A wolf spider (D)
  An orb spider (D)
  A manticore (D)
  2 cyclopes (D)
  A naga mage (D)
  A guardian serpent (D)
  A water nymph (D)
  A water nymph (shapeshifter) (D)
  A gargoyle (D)
  4 black mambas (D)
  A cane toad (D)
  A rime drake (D)
  A yaktaur (D)
  A demonic crawler (D)
  A kobold demonologist (D)
  A tengu conjurer (D)
  A tyrant leech (D)
  A jumping spider (D)
  A meliai (shapeshifter) (D)
  2 merfolk (D)
  A polar bear (D)
  2 bog bodies (D)
  A snapping turtle (D)
  A slime creature (D)
  4 redbacks (D)
  A tarantella (D)
  2 wyverns (D)
  2 yaks (D)
  5 wraiths (D)
  A water elemental (D)
  A basilisk (shapeshifter) (D)
  2 vampire mosquitoes (D)
  2 basilisks (D)
  5 water moccasins (D)
  A sky beast (D)
  A black bear (D)
  10 orc warriors (D)
  A boggart (D)
  3 centaurs (D)
  7 ogres (D)
  A big kobold (D)
  3 bullfrogs (D)
  A scorpion (D)
  5 orc priests (D)
  2 orc wizards (D)
  A worker ant (D)
  An adder zombie (D)
  7 worms (D)
  2 dart slugs (D)
  A leopard gecko (D)
  9 orcs (D)
  2 bat zombies (D)
  A giant cockroach (D)
  A goblin (D)
  A giant cockroach zombie (D)
157 creatures vanquished.

Vanquished Creatures (collateral kills)
  A troll (D)
1 creature vanquished.

Grand Total: 158 creatures vanquished

Notes
Turn   | Place    | Note
-------+----------+-------------------------------------------
     0 | D        | mhtbhm the Merfolk Berserker began the quest for the Orb.
     0 | D        | Reached XP level 1. HP: 18/18 MP: 1/1
     9 | D        | Reached skill level 5 in Polearms
    16 | D        | Reached ** piety under Trog
    16 | D        | Reached XP level 2. HP: 8/25 MP: 2/2
    31 | D        | HP: 1/25 [giant cockroach (1)]
    33 | D        | Reached skill level 6 in Polearms
   337 | D        | Noticed a sky beast
   353 | D        | Killed a sky beast
   353 | D        | Reached *** piety under Trog
   353 | D        | Reached skill level 9 in Polearms
   353 | D        | Reached XP level 3. HP: 35/35 MP: 3/3
   353 | D        | Reached XP level 4. HP: 41/41 MP: 4/4
   359 | D        | Reached skill level 10 in Polearms
   359 | D        | Reached skill level 5 in Dodging
   359 | D        | Reached XP level 5. HP: 48/48 MP: 5/5
   369 | D        | Found a roughly hewn altar of Beogh.
   369 | D        | Found a snail-covered altar of Cheibriados.
   369 | D        | Found a shadowy altar of Dithmenos.
   369 | D        | Found a white marble altar of Elyvilon.
   369 | D        | Found a blossoming altar of Fedhas.
   369 | D        | Found an opulent altar of Gozag.
   370 | D        | Found a hazy altar of Hepliaklqana.
   371 | D        | Found a viscous altar of Jiyva.
   372 | D        | Found an ancient bone altar of Kikubaaqudgha.
   373 | D        | Found a corrupted altar of Lugonu.
   374 | D        | Found a burning altar of Makhleb.
   375 | D        | Found a sparkling altar of Nemelex Xobeh.
   376 | D        | Found an iron altar of Okawaru.
   377 | D        | Found a stormy altar of Qazlal.
   378 | D        | Found a sacrificial altar of Ru.
   379 | D        | Found a shimmering blue altar of Sif Muna.
   380 | D        | Found a bloodstained altar of Trog.
   381 | D        | Found a hide-covered altar of Uskayaw.
   382 | D        | Found a radiant altar of Vehumet.
   383 | D        | Found an ornate altar of the Wu Jian Council.
   384 | D        | Found a shimmering altar of Xom.
   385 | D        | Found a basalt altar of Yredelemnul.
   386 | D        | Found a glowing silver altar of Zin.
   387 | D        | Found a glowing golden altar of the Shining One.
   444 | D        | Noticed a yak
   444 | D        | Noticed a big kobold
   444 | D        | Noticed a black bear
   444 | D        | Noticed a centaur
   444 | D        | Noticed a centaur
   449 | D        | Killed a centaur
   449 | D        | Reached **** piety under Trog
   449 | D        | Reached skill level 11 in Polearms
   450 | D        | Killed a centaur
   450 | D        | Reached skill level 12 in Polearms
   450 | D        | Reached XP level 6. HP: 57/57 MP: 6/6
   452 | D        | Killed a black bear
   452 | D        | Reached skill level 13 in Polearms
   460 | D        | Reached skill level 14 in Polearms
   460 | D        | Reached XP level 7. HP: 65/65 MP: 7/7
   465 | D        | Killed a yak
   465 | D        | Reached ***** piety under Trog
   465 | D        | Reached skill level 10 in Fighting
   465 | D        | Reached skill level 15 in Polearms
   518 | D        | Noticed a boulder beetle
   518 | D        | Noticed a troll
   518 | D        | Noticed a cyan ugly thing
   518 | D        | Noticed a wyvern
   535 | D        | Killed a cyan ugly thing
   535 | D        | Reached skill level 16 in Polearms
   535 | D        | Reached XP level 8. HP: 74/75 MP: 8/8
   538 | D        | Killed a wyvern
   538 | D        | Reached skill level 17 in Polearms
   542 | D        | Killed a troll
   552 | D        | Killed a boulder beetle
   552 | D        | Reached skill level 18 in Polearms
   552 | D        | Reached XP level 9. HP: 29/82 MP: 9/9
   882 | D        | Gained mutation: You expend magic power (3 MP) to
                  | strengthen your wands. [potion of mutation]
   882 | D        | Gained mutation: You can translocate small distances at
                  | will. [potion of mutation]
   882 | D        | Gained mutation: Your movements are slightly less
                  | encumbered by armour. (ER -2) [potion of mutation]
   883 | D        | Noticed a cane toad
   889 | D        | Reached skill level 19 in Polearms
   889 | D        | Reached skill level 1 in Stealth
   899 | D        | Received a gift from Trog
   901 | D        | Reached skill level 10 in Dodging
   904 | D        | Killed a cane toad
   904 | D        | Reached skill level 20 in Polearms
   908 | D        | Reached skill level 5 in Armour
   969 | D        | Noticed a rime drake
   969 | D        | Noticed a catoblepas
   969 | D        | Noticed a black mamba
   975 | D        | Killed a black mamba
   975 | D        | Received a gift from Trog
  1119 | D        | Noticed a death yak
  1479 | D        | Killed a catoblepas
  1479 | D        | Reached skill level 21 in Polearms
  1479 | D        | Reached XP level 10. HP: 92/92 MP: 10/10
  1490 | D        | Killed a death yak
  1496 | D        | Reached skill level 5 in Stealth
  1520 | D        | Reached skill level 22 in Polearms
  1706 | D        | Reached ****** piety under Trog
  1712 | D        | Received a gift from Trog
  1813 | D        | Noticed Josephine
  1825 | D        | Killed Josephine
  1825 | D        | Received a gift from Trog
  1825 | D        | Reached XP level 11. HP: 95/101 MP: 11/11
  1914 | D        | Received a gift from Trog
  2072 | D        | Received a gift from Trog
  2079 | D        | Reached skill level 15 in Fighting
  2093 | D        | Received a gift from Trog
  2151 | D        | Got an encrusted bardiche {god gift}
  2152 | D        | Identified the +3 bardiche "Ogre's Undoing" {flame, Int+4}
                  | (Trog gifted it to you in the Dungeon)
  2165 | D        | Found Rypem's Antique Armour Boutique.
  2165 | D        | Noticed an ogre mage
  2165 | D        | Noticed an ogre mage
  2170 | D        | Killed an ogre mage
  2170 | D        | Reached skill level 23 in Polearms
  2179 | D        | Found Canlanni's Jewellery Shop.
  2182 | D        | Killed an ogre mage
  2182 | D        | Received a gift from Trog
  2194 | D        | Noticed a two-headed ogre
  2200 | D        | Killed a two-headed ogre
  2205 | D        | Found Axzui's Jewellery Boutique.
  2209 | D        | Found Haesk's Armour Shop.
  2221 | D        | Noticed a two-headed ogre
  2222 | D        | Noticed a two-headed ogre
  2224 | D        | Noticed a two-headed ogre
  2227 | D        | Killed a two-headed ogre
  2227 | D        | Reached skill level 24 in Polearms
  2232 | D        | Killed a two-headed ogre
  2237 | D        | Killed a two-headed ogre
  2237 | D        | Received a gift from Trog
  2280 | D        | Bought the ring "Jimec" {rElec rC+ Slay+4} for 1386 gold
                  | pieces
  2299 | D        | Bought a twisted scale mail for 216 gold pieces
  2304 | D        | Identified the +1 scale mail "Mosufic" {Harm *Slow rElec}
                  | (You bought it in a shop in the Dungeon)
  2529 | D        | Got the +4 plate armour "Tyamaf" {Str+4 Dex+3}
  2586 | D        | Noticed a four-headed hydra
  2586 | D        | Noticed an orc knight
  2586 | D        | Noticed a centaur warrior
  2586 | D        | Noticed a green ugly thing
  2588 | D        | Noticed a sun demon
  2595 | D        | Killed a green ugly thing
  2595 | D        | Reached XP level 12. HP: 113/113 MP: 12/12
  2603 | D        | Killed a centaur warrior
  2603 | D        | Reached skill level 25 in Polearms
  2604 | D        | Noticed a deep troll earth mage
  2605 | D        | Received a gift from Trog
  2611 | D        | Killed a one-headed hydra
  2614 | D        | Noticed a stone giant
  2615 | D        | Noticed a vampire knight
  2619 | D        | Killed a deep troll earth mage
  2620 | D        | Noticed a deep troll shaman
  2621 | D        | Noticed an ettin
  2622 | D        | Noticed a centaur warrior
  2623 | D        | Killed a stone giant
  2623 | D        | Reached skill level 26 in Polearms
  2625 | D        | Received a gift from Trog
  2627 | D        | Killed a vampire knight
  2631 | D        | Killed a deep troll shaman
  2632 | D        | Killed an ettin
  2632 | D        | Reached skill level 27 in Polearms
  2636 | D        | Killed a centaur warrior
  2864 | D        | Noticed Rupert
  2866 | D        | Paralysed by Rupert for 7 turns
  2879 | D        | Killed Rupert
  2879 | D        | Reached skill level 10 in Armour
  2879 | D        | Reached XP level 13. HP: 78/125 MP: 13/13
  3136 | D        | Received a gift from Trog
  3152 | D        | Received a gift from Trog
  3359 | D        | Noticed a merfolk impaler
  3364 | D        | Killed a merfolk impaler
  3370 | D        | Received a gift from Trog
  3474 | D        | Received a gift from Trog
  3494 | D        | Received a gift from Trog
  3573 | D        | Received a gift from Trog
  3645 | D        | Noticed Erica
  3653 | D        | Killed Erica
  3707 | D        | Noticed a great orb of eyes
  3707 | D        | Noticed an ice dragon
  3707 | D        | Noticed a fire dragon
  3713 | D        | Killed a fire dragon
  3713 | D        | Received a gift from Trog
  3716 | D        | Noticed a stone giant
  3721 | D        | Killed an ice dragon
  3727 | D        | Reached XP level 14. HP: 143/143 MP: 14/14
  3729 | D        | Received a gift from Trog
  3734 | D        | Killed a stone giant
  3783 | D        | Noticed a stone giant
  3788 | D        | Noticed a stone giant
  3789 | D        | Killed a stone giant
  3789 | D        | Received a gift from Trog
  3797 | D        | Mangled by a deep troll shaman

Illustrated notes

Levels and vault maps discovered:
D:        linesprint [early_d, line_temple, items_1, d_10, items_2, lair_1,
          lair_end, items_3, orc_1, orc_end, items_4, d_15, swamp_1, shoals_1,
          snake_1, spider_1, d_20, vaults_1, items_5, swamp_end, shoals_end,
          snake_end, spider_end, vaults_end, d_27, items_6, zot_1, zot_end,
          crypt_end, forest_end, elf_end, slime_end, tomb_end, abyss_end,
          pan_hell_end]

Skill      XL: |  1  2  3  4  5  6  7  8  9 10 11 12 13 14 |
---------------+-------------------------------------------+-----
Polearms       | 5 9 10 12 14 16 18 21 22 24 27 | 27.0
Dodging        | 3 4 5 6 7 8 9 10 11 12 | 12.2
Fighting       | 4 6 7 8 9 11 13 14 16 19 23 | 23.7
Armour         | 2 3 4 5 7 8 10 12 13 | 13.1
Stealth        | 3 7 8 |  8.7
Evocations     | |  0.8

Action                   |  1- 3 |  4- 6 |  7- 9 | 10-12 | 13-15 || total
-------------------------+-------+-------+-------+-------+-------++-------
Melee: Spear             |    44 |     9 |       |       |       ||    53
       Halberd           |       |    14 |    61 |       |       ||    75
       Glaive            |       |       |    16 |   105 |       ||   121
       Bardiche          |       |       |       |    81 |   139 ||   220
Invok: Berserk           |     1 |     1 |     5 |     5 |     4 ||    16
       Brothers in Arms  |       |       |     1 |       |     1 ||     2
 Abil: Blink             |       |       |     3 |       |     2 ||     5
Evoke: Wand              |       |       |     1 |       |       ||     1
  Use: Potion            |       |       |     1 |       |       ||     1
 Stab: Distracted        |       |       |     1 |       |       ||     1
       Petrified         |       |       |     1 |     4 |       ||     5
Armor: Animal skin       |     3 |       |       |       |       ||     3
       Chain mail        |       |     2 |    19 |    19 |       ||    40
       Plate armour      |       |       |       |     6 |    41 ||    47
Dodge: Dodged            |    18 |     5 |    40 |    49 |    62 ||   174

Table legend: (Time is in decaauts)
 A = Elapsed time spent in this place.
 B = Non-inter-level travel time spent in this place.
 C = Inter-level travel time spent in this place.
 D = Time resting spent in this place.
 E = Time spent auto-exploring this place.
 F = Levels seen in this place.
 G = Mean time per level.
                   A        B        C        D        E       F      G
               +--------+--------+--------+--------+--------+-----+--------+
         Total |   3784 |   3784 |      0 |   1879 |    571 |   1 | 3784.0 |
       Dungeon |   3784 |   3784 |      0 |   1879 |    571 |   1 | 3784.0 |
               +--------+--------+--------+--------+--------+-----+--------+

Top non-repeatable levels by time:
       D: 3784 daAuts
